 Dungeon Crawl Stone Soup version 0.29-a0-668-g12ee2bf84d (webtiles) character file.

Game seed: 15936010815741937459

83 zeratav the Stinger (level 4, -3/30 HPs)
             Began as a Formicid Venom Mage on June 23, 2022.
             Slain by Ijyb
             ... wielding a +4 club
              (6 damage)
             ... on level 3 of the Dungeon.
             The game lasted 00:04:37 (3429 turns).

zeratav the Stinger (Formicid Venom Mage)           Turns: 3429, Time: 00:04:38

Health: -3/30      AC:  3    Str: 14    XL:     4   Next: 71%
Magic:  0/7        EV: 12    Int: 15    God:
Gold:   212        SH:  0    Dex: 14    Spells: 2/7 levels left

rFire   . . .      SeeInvis +   h - +0 spear (vorpal) {polearm}
rCold   . . .      Faith    .   (no shield)
rNeg    . . .      Spirit   .   a - +0 robe
rPois   .          Reflect  .   (helmet unavailable)
rElec   .          Harm     .   e - +0 cloak
rCorr   .          Rampage  .   (no gloves)
Will    .....                   (no boots)
Stlth   ++........              (no amulet)
HPRegen 0.10/turn               (no ring)
MPRegen 0.10/turn               (no ring)

@: no status effects
A: permanent stasis, dig shafts and tunnels, antennae 3, four strong arms
a: Dig, Shaft Self


You were on level 3 of the Dungeon.
You visited 1 branch of the dungeon, and saw 3 of its levels.

You collected 212 gold pieces.


Innate Abilities, Weirdness & Mutations

You cannot be hasted, slowed, berserked, paralysed or teleported.
You can dig through walls and to a lower floor.
You have a pair of large antennae on your head. (SInv)
Your four strong arms can wield two-handed weapons with a shield.


   Skills:
 - Level 1.7 Dodging
 - Level 2.4 Stealth
 - Level 2.1 Spellcasting
 - Level 1.1 Transmutations
 + Level 6.8 Poison Magic


You had 2 spell levels left.
You knew the following spells:

 Your Spells              Type           Power      Damage    Failure   Level
a - Sting                 Tmut/Pois      52%        1d5       4%          1
b - Olgreb's Toxic Radia  Pois           22%        N/A       13%         4

Your spell library contained the following spells:

 Spells                   Type           Power      Damage    Failure   Level
 Poisonous Vapours        Pois/Air       22%        N/A       9%          2
 Mephitic Cloud           Conj/Pois/Air  8%         N/A       26%         3
 Gell's Gravitas          Tloc           1%         N/A       54%         3
 Teleport Other           Tloc           1%         N/A       54%         3
 Dispersal                Tloc           0%         N/A       100%        6

Inventory:

Hand Weapons
 h - a +0 vorpal spear (weapon) {polearm}
   (You found it on level 1 of the Dungeon)
 p - a +0 morningstar {mace}
   (You found it on level 3 of the Dungeon)
 r - a +2 dagger of venom {short}
   (You found it on level 3 of the Dungeon)
Missiles
 q - 5 javelins {throwing}
Armour
 a - a +0 robe (worn)
 e - a +0 cloak (worn)
   (You found it on level 1 of the Dungeon)
 n - a +0 pair of gloves
   (You found it on level 3 of the Dungeon)
Jewellery
 d - a ring of flight
   (You found it on level 1 of the Dungeon)
Scrolls
 c - a scroll of fear {unknown}
 g - a scroll of blinking {unknown}
 i - 5 scrolls of identify {unknown}
 j - 5 scrolls of teleportation {unknown}
 l - a scroll of fog {unknown}
Potions
 b - a potion of magic
 f - a potion of lignification {unknown}
 k - 2 potions of curing {unknown}
 m - a potion of heal wounds {unknown}
 o - 2 potions of attraction {unknown}

Dungeon Overview and Level Annotations

Branches:
Dungeon (3/15) Zot: 14568

Altars:

Annotations:
D:3 Ijyb, Terence

##...######
#........#
#####...####.#
#........### .
#.#..........
#.#####.#.#.#.......
#.....#.....#......#
#.....#.###......#
#....@#..........#
#....g#####.##....
###+#........ ...
......... ..######.#
... .... ..... ..
...... ...###+#


You could see Ijyb (poisoned).


Message History

HP[+1] MP[+1] HP[+1] MP[+1]
Casting: Olgreb's Toxic Radiance (extremely dangerous; 14% risk of failure)
Confirm with . or Enter, or press ? or * to list all spells.
The spell is extremely dangerous to miscast (14% risk of failure)!
Continue anyway?
You miscast Olgreb's Toxic Radiance.
You are very lightly contaminated with residual magic.
Nothing appears to happen.
MP[-4]
You lost 4 mp, and now have 2/7 mp.
HP[+1]
Your magical contamination has completely faded away.
MP[+1] HP[+1]
There is a stone staircase leading up here.
You climb upwards.
There is a stone staircase leading down here.
MP[+1]
You start resting.
HP[+9] MP[+3]
Your hp is fully restored (30).
Your mp is fully restored (7).
You see here a +0 dagger {short}.
There is a stone staircase leading down here.
You climb downwards.
Level annotation: Terence
Found 5 javelins, a scroll labelled HOPHA QOWODA and 9 gold pieces.
Found a stone staircase leading down.
There is a stone staircase leading up here.
Casting: Olgreb's Toxic Radiance (extremely dangerous; 14% risk of failure)
Confirm with . or Enter, or press ? or * to list all spells.
The spell is extremely dangerous to miscast (14% risk of failure)!
Continue anyway?
You begin to radiate toxic energy.
You kill the frilled lizard!
The quokka is poisoned.
MP[-4]
You lost 4 mp, and now have 3/7 mp.
You kill the quokka!
Your toxic aura wanes.
Found a runed dagger.
MP[+4]
Your mp is fully restored (7).
i - 5 scrolls labelled HOPHA QOWODA (gained 1)
You see here 5 javelins {throwing}.
q - 5 javelins {throwing} You see here a +2 dagger of venom {short}.
r - a +2 dagger of venom {short} A kobold comes into view.
It is wielding a +0 dagger and quivering poisoned darts.
Reach: h) +0 spear (vorpal) {polearm}
Press: ? - help, Dir - move target, f - kobold
Aim: a kobold, wielding a +0 dagger and quivering poisoned darts (asleep, about 2% to evade your +0 vorpal spear)
You reach to attack!
The helpless kobold fails to defend itself.
You hit the kobold.
You kill the kobold!
Ijyb the Twisted Goblin comes into view.
She is wielding a +4 club and carrying a wand of light (8).
Things that are here:
a +0 dagger {short}; 4 poisoned darts {throwing}; a kobold corpse
Casting: Olgreb's Toxic Radiance (extremely dangerous; 13% risk of failure)
Confirm with . or Enter, or press ? or * to list all spells.
The spell is extremely dangerous to miscast (13% risk of failure)!
Continue anyway?
You begin to radiate toxic energy.
Ijyb shouts!
Ijyb is poisoned.
Ijyb looks even sicker.
MP[-4]
You lost 4 mp, and now have 3/7 mp.
Your toxic aura wanes.
You closely miss Ijyb. Ijyb hits you with a +4 club.
HP[-5]
You take 5 damage, and now have 25/30 hp.
You barely miss Ijyb. Ijyb closely misses you.
You closely miss Ijyb.
Ijyb zaps a wand.
The bolt of light hits you!
Ouch! That really hurt!
* * * LOW HITPOINT WARNING * * *
HP[-15]
You take 15 damage, and now have 10/30 hp.
MASSIVE DAMAGE!! (PAUSE)
You hit Ijyb but do no damage. Ijyb misses you.
You closely miss Ijyb. Ijyb hits you with a +4 club.
* * * LOW HITPOINT WARNING * * *
HP[-6]
You take 6 damage, and now have 4/30 hp.
You hit Ijyb.
Ijyb looks more healthy.
Ijyb closely misses you.
MP[+1]
Casting: Olgreb's Toxic Radiance (extremely dangerous; 13% risk of failure)
Confirm with . or Enter, or press ? or * to list all spells.
The spell is extremely dangerous to miscast (13% risk of failure)!
Continue anyway?
You begin to radiate toxic energy.
Ijyb is poisoned.
Ijyb hits you with a +4 club.
* * * LOW HITPOINT WARNING * * *
HP[-1] MP[-4]
You take 1 damage, and now have 3/30 hp.
You lost 4 mp, and now have 0/7 mp.
You barely miss Ijyb.
Your toxic aura wanes.
Ijyb hits you with a +4 club.
You die...

Skill      XL: |  1  2  3 |
---------------+----------+-----
Poison Magic   | 5 6 |  6.8
Dodging        | |  1.7
Stealth        | |  2.4
Spellcasting   | |  2.1
Transmutations | |  1.1

Action                   |  1- 3 |  4- 6 || total
-------------------------+-------+-------++-------
Melee: Spear             |    17 |    12 ||    29
 Cast: Sting             |    60 |    20 ||    80
       Olgreb's Toxic Ra |       |     4 ||     4
 Stab: Sleeping          |     1 |     1 ||     2
Armor: Robe              |     8 |       ||     8
Dodge: Dodged            |    26 |     7 ||    33

Levels and vault maps discovered:
D:1:      sevenhm_arrival_forest_fort_large_2, layout_basic,
          hangedman_decor_push, corexii_hall_statues_l
D:2:      layout_basic, basic_ecumenical_altar
D:3:      minmay_general_purpose_star, layout_basic, nicolae_ru_awakened_eye,
          uniq_robin, uniq_terence, uniq_ijyb

Notes
Turn   | Place    | Note
-------+----------+-------------------------------------------
     0 | D:1      | zeratav the Formicid Venom Mage began the quest for the
                  | Orb.
     0 | D:1      | Reached XP level 1. HP: 13/13 MP: 3/3
     0 | D:1      | magus.rc [v1.9.6]
   406 | D:1      | Reached XP level 2. HP: 19/19 MP: 1/5
   580 | D:1      | Reached skill level 5 in Poison Magic
  1061 | D:1      | Reached XP level 3. HP: 24/24 MP: 6/6
  1573 | D:2      | Found a faded altar of an unknown god.
  1730 | D:2      | magus.rc [v1.9.6]
  2056 | D:2      | Reached skill level 6 in Poison Magic
  2219 | D:2      | Reached XP level 4. HP: 25/30 MP: 1/7
  2383 | D:2      | Learned a level 4 spell: Olgreb's Toxic Radiance
  2750 | D:2      | You add the spells Gell's Gravitas, Teleport Other and
                  | Dispersal to your library.
  3157 | D:3      | Noticed Terence
  3417 | D:3      | Noticed Ijyb
  3426 | D:3      | HP: 4/30 [Ijyb/+4 club (6)]
  3429 | D:3      | Slain by Ijyb

Vanquished Creatures
  2 adders (D:2)
  5 dart slugs
  An orc (D:3)
  A bat (D:2)
  5 endoplasms
  3 giant cockroaches
  3 goblins
  4 hobgoblins
  2 jackals (D:1)
  3 quokkas
  8 ball pythons
  5 frilled lizards
  3 kobolds
  5 rats
50 creatures vanquished.

Table legend:
 A = Non-vault XP
 B = Vault XP
 C = Vault XP percentage of total XP
 D = Non-vault monster count
 E = Vault monster count
 F = Vault count percentage of total count
                 A         B        C        D         E       F
            +---------+---------+-------+---------+---------+-------
      Total |     113 |       6 |   5.0 |      47 |       3 |   6.0
            +---------+---------+-------+---------+---------+-------
        D:1 |      31 |       0 |   0.0 |      18 |       0 |   0.0
        D:2 |      62 |       0 |   0.0 |      20 |       0 |   0.0
        D:3 |      20 |       6 |  23.1 |       9 |       3 |  25.0
            +---------+---------+-------+---------+---------+-------

Illustrated notes

Table legend:
 A = Kills in this place as a percentage of kills in entire the game.
 B = Kills by you in this place as a percentage of kills by you in the entire game.
 C = Kills by friends in this place as a percentage of kills by friends in the entire game.
 D = Other kills in this place as a percentage of other kills in the entire game.
 E = Experience gained in this place as a percentage of experience gained in the entire game.
 F = Experience gained in this place divided by the number of levels of this place that you have seen.
                   A       B       C       D       E      F
               +-------+-------+-------+-------+-------+----------------------
         Total | 100.0 | 100.0 |   N/A |   N/A | 100.0 |  39.7
       Dungeon | 100.0 | 100.0 |   N/A |   N/A | 100.0 |  39.7
               +-------+-------+-------+-------+-------+----------------------

Table legend: (Time is in decaauts)
 A = Elapsed time spent in this place.
 B = Non-inter-level travel time spent in this place.
 C = Inter-level travel time spent in this place.
 D = Time resting spent in this place.
 E = Time spent auto-exploring this place.
 F = Levels seen in this place.
 G = Mean time per level.
                   A        B        C        D        E       F      G
               +--------+--------+--------+--------+--------+-----+--------+
         Total |   3430 |   3227 |    203 |    218 |   2601 |   3 | 1143.3 |
       Dungeon |   3430 |   3227 |    203 |    218 |   2601 |   3 | 1143.3 |
               +--------+--------+--------+--------+--------+-----+--------+

Top non-repeatable levels by time:
     D:1: 1526 daAuts
     D:2: 1419 daAuts
     D:3: 484 daAuts
